 Dungeon Crawl Stone Soup version 0.31-a0-978-g1e143483b6 (webtiles) character file.

Game seed: 4953990142213703809

329 jasper the Conjurer (level 6, -1/34 HPs)
             Began as a Deep Elf Conjurer on Oct 30, 2023.
             Was a Follower of Vehumet.
             Killed by divine providence
             ... invoked by an orc priest
              (13 damage)
             ... on level 4 of the Dungeon.
             The game lasted 00:05:09 (3985 turns).

jasper the Conjurer (Deep Elf Conjurer)             Turns: 3985, Time: 00:05:10

Health: -1/34      AC:  5    Str:  4    XL:     6   Next: 25%
Magic:  11/15      EV: 10    Int: 25    God:    Vehumet [*.....]
Gold:   175        SH:  4    Dex: 13    Spells: 4/15 levels left

rFire   . . .        g - +2 dagger (venom)
rCold   + . .        h - +0 buckler
rNeg    . . .        o - +2 leather armour {rC+}
rPois   .            (no helmet)
rElec   .            (no cloak)
rCorr   .            (no gloves)
SInv    .            (no boots)
Will    .....        (no amulet)
Stlth   ++           (no ring)
HPRegen 0.25/turn    (no ring)
MPRegen 0.14/turn

%: no passive effects
@: no status effects
A: no striking features
a: Renounce Religion


You were on level 4 of the Dungeon.
You worshipped Vehumet.
Vehumet was aware of your devotion.
You visited 1 branch of the dungeon, and saw 4 of its levels.

You collected 175 gold pieces.

Inventory:

Hand Weapons
 g - a +2 dagger of venom (weapon)
 p - a +1 whip of electrocution
Missiles
 c - 61 stones
Armour
 a - a +0 robe
 h - a +0 buckler (worn)
 o - a +2 leather armour of cold resistance (worn)
Jewellery
 e - an amulet of magic regeneration
Wands
 q - a wand of paralysis (9)
Scrolls
 d - a scroll of fog {unknown}
 f - a scroll of identify {unknown}
 n - 2 scrolls of teleportation
 r - a scroll of immolation {unknown}
 s - a scroll of blinking {unknown}
Potions
 b - a potion of magic
 i - 2 potions of heal wounds {unknown}
 j - a potion of berserk rage {unknown}
 k - 2 potions of attraction {unknown}
 l - a potion of enlightenment {unknown}
 m - a potion of curing {unknown}


   Skills:
 - Level 1.0 Fighting
 - Level 2.4 Dodging
 - Level 2.4 Stealth
 + Level 3.2 Shields
 - Level 5.0 Spellcasting
 - Level 5.5 Conjurations
 - Level 1.7 Hexes


You had 4 spell levels left.
You knew the following spells:

 Your Spells              Type           Power      Damage    Failure   Level
a - Magic Dart            Conj           100%       1d8       2%          1
b - Searing Ray           Conj           66%        2d6       4%          2
c - Fulminant Prism       Conj/Hex       12%        3d8       52%         4
d - Iskenderun's Mystic   Conj/Tloc      20%        2d6       65%         4

Your spell library contained the following spells:

 Spells                   Type           Power      Damage    Failure   Level
 Sandblast                Erth           12%        2d6       26%         1
 Dazzling Flash           Conj/Hex       48%        N/A       19%         3
 Jinxbite                 Hex            28%        N/A       21%         2
 Apportation              Tloc           12%        N/A       26%         1
 Necrotise                Necr           24%        1d5       26%         1
 Summon Small Mammal      Summ           24%        N/A       26%         1
 Sublimation of Blood     Necr           6%         N/A       38%         2
 Wereblood                Tmut           6%         N/A       38%         2
 Alistair's Intoxication  Tmut/Pois      4%         N/A       100%        5
 Summon Hydra             Summ           3%         N/A       100%        7


Dungeon Overview and Level Annotations

Branches:
Dungeon (4/15)
 Temple: D:4-7

Altars:
Hepliaklqana
Kikubaaqudgha
Okawaru
Vehumet
Yredelemnul

Shops:
D:1 (:


Message History

You kill the orc priest!
Vehumet accepts your kill.
The searing ray hits something!
Vehumet accepts your kill.
You feel your power returning.
Reactivating autopickup.
You feel a bit more experienced.
The searing ray hits the iguana.
The iguana is moderately wounded.
An orc comes into view. It is wielding a +0 hand axe.
The endoplasm hits you.
Your Shields skill increases to level 3!
You take 2 damage, and have 32/34 hp.
The searing ray hits the iguana!
The iguana is severely wounded.
The endoplasm freezes you.
You are frozen.
You resist.
An orc priest comes into view. It is wielding a +0 hand axe.
You now have 11/15 mp.
The searing ray hits the orc!
You kill the orc!
Vehumet accepts your kill.
You finish channelling your searing ray.
You block the endoplasm's attack.
You now have 10/15 mp.
The endoplasm attacks as it pursues you!
The endoplasm hits you. The iguana attacks as it pursues you!
The iguana bites you!
An orc comes into view. It is wielding a +0 club.
You take 12 damage, and have 21/34 hp.
MASSIVE DAMAGE!!
The iguana attacks as it pursues you! The iguana closely misses you.
The orc priest calls down the wrath of Beogh upon you.
Beogh smites you!
You take 10 damage, and have 11/34 hp.
MASSIVE DAMAGE!!
Casting: Searing Ray (safe; 4% risk of failure)
Confirm with . or Enter, or press ? or * to list all spells.
You don't know that spell.
Unknown command.
The orc priest invokes the aid of Beogh against you.
Beogh smites you!
You die...

#.#.....#.#.....
#.#.#.###.#..).
#............)
######......## #.o#
.......).....# #o$#
.#######.##### #..# #
..##.........# #.J#.#
..##.###.....# #l...#
.............#+#@####.#
..##.###.#+#..........#
...#.# #.# #........#.#
.....###.# #.)......+
.#.......# #........#
.##...#### #....###.#
.##...# #....# .#
.##...# .....+ ..
.##...# ......# #.


You could see an iguana, an orc priest, an orc and an endoplasm.

Vanquished Creatures
  2 orc priests (D:4)
  Natasha (thrice) (D:3)
  2 orc wizards (D:4)
  5 adders
  4 worms (D:3)
  4 dart slugs
  4 orcs
  5 endoplasms
  10 giant cockroaches (D:3)
  5 goblins
  7 hobgoblins
  2 quokkas
  11 ball pythons
  10 bats
  9 kobolds
  2 rats
85 creatures vanquished.

Vanquished Creatures (others)
  A fulminant prism (D:4)
1 creature vanquished.

Grand Total: 86 creatures vanquished

Notes
Turn   | Place    | Note
-------+----------+-------------------------------------------
     0 | D:1      | jasper the Deep Elf Conjurer began the quest for the Orb.
     0 | D:1      | Reached XP level 1. HP: 10/10 MP: 6/6
   156 | D:1      | Found Izaanod's Vocational Training.
   229 | D:1      | Found Ikiloib's Antique Weapon Boutique.
   258 | D:1      | Reached XP level 2. HP: 15/15 MP: 5/9
   261 | D:1      | Learned a level 2 spell: Searing Ray
  1072 | D:2      | Reached XP level 3. HP: 19/19 MP: 3/11
  1133 | D:2      | Reached skill level 5 in Spellcasting
  1999 | D:3      | Noticed Natasha
  2006 | D:3      | Killed Natasha
  2007 | D:3      | Reached XP level 4. HP: 20/24 MP: 4/13
  2071 | D:3      | Learned a level 4 spell: Fulminant Prism
  2076 | D:3      | Learned a level 4 spell: Iskenderun's Mystic Blast
  2171 | D:3      | Reached skill level 5 in Conjurations
  2236 | D:3      | Reached skill level 1 in Shields
  2242 | D:3      | Reached skill level 1 in Fighting
  2317 | D:3      | Found a radiant altar of Vehumet.
  2327 | D:3      | Became a worshipper of Vehumet
  2562 | D:3      | Noticed Natasha
  2565 | D:3      | Killed Natasha
  2566 | D:3      | Reached skill level 1 in Hexes
  2625 | D:3      | Reached XP level 5. HP: 29/29 MP: 10/14
  2978 | D:3      | Noticed Natasha
  2981 | D:3      | Killed Natasha
  3321 | D:3      | Found a basalt altar of Yredelemnul.
  3322 | D:3      | Found an iron altar of Okawaru.
  3322 | D:3      | Found a hazy altar of Hepliaklqana.
  3323 | D:3      | Found an ancient bone altar of Kikubaaqudgha.
  3684 | D:4      | Reached * piety under Vehumet
  3684 | D:4      | Offered knowledge of Sandblast by Vehumet.
  3848 | D:4      | Reached XP level 6. HP: 34/34 MP: 10/15
  3985 | D:4      | Killed from afar by an orc priest

Illustrated notes

Levels and vault maps discovered:
D:1:      eino_arrival_cavern_d, layout_loops_ring, serial_shops,
          nicolae_shop_overgrown_old_shop, nicolae_shop_vocational
D:2:      layout_basic
D:3:      minmay_roachtagon, layout_basic, mainiacjoe_overflow_small_starburst,
          chequers_temple_overflow_statue_of_worship, nicolae_wormholes,
          uniq_natasha
D:4:      layout_basic

Skill      XL: |  1  2  3  4  5  6 |
---------------+-------------------+-----
Spellcasting   | 4 5 |  5.0
Conjurations   | 5 |  5.5
Shields        | 1 2 3 |  3.2
Fighting       | 1 |  1.0
Hexes          | 1 |  1.7
Dodging        | |  2.4
Stealth        | |  2.4

Action                     |  1- 3 |  4- 6 || total
---------------------------+-------+-------++-------
  Melee: Dagger            |       |     1 ||     1
   Cast: Magic Dart        |    74 |    55 ||   129
         Searing Ray       |     3 |    12 ||    15
         Fulminant Prism   |       |     1 ||     1
    Use: Scroll            |     2 |       ||     2
 Armour: Robe              |     1 |     2 ||     3
         Leather armour    |       |     4 ||     4
  Dodge: Dodged            |     5 |     5 ||    10
  Block: Buckler           |     2 |     2 ||     4

Table legend: (Time is in decaauts)
 A = Elapsed time spent in this place.
 B = Non-inter-level travel time spent in this place.
 C = Inter-level travel time spent in this place.
 D = Time resting spent in this place.
 E = Time spent auto-exploring this place.
 F = Levels seen in this place.
 G = Mean time per level.
                   A        B        C        D        E       F      G
               +--------+--------+--------+--------+--------+-----+--------+
         Total |   3984 |   3583 |    401 |     64 |   3122 |   4 |  996.0 |
       Dungeon |   3984 |   3583 |    401 |     64 |   3122 |   4 |  996.0 |
               +--------+--------+--------+--------+--------+-----+--------+

Top non-repeatable levels by time:
     D:3: 1651 daAuts
     D:1: 1065 daAuts
     D:2: 916 daAuts
     D:4: 351 daAuts
